 Dungeon Crawl Stone Soup version 0.25-a0-576-g50b708a4c4 (webtiles) character file.

Game seed: 11726249022260042900, levelgen mode: deterministic

6791 Flugslaktarn the Cleaver (level 10, -14/94 HPs)
             Began as a Deep Dwarf Fighter on Mar 1, 2020.
             Was a Believer of Makhleb.
             Demolished by Losufraq's ghost (23 damage)
             ... on level 1 of the Lair of Beasts.
             The game lasted 00:05:07 (7169 turns).

Flugslaktarn the Cleaver (Deep Dwarf Fighter)       Turns: 7169, Time: 00:05:08

Health: -14/94     AC: 16    Str: 27    XL:     10   Next: 76%
Magic:  0/0        EV:  7    Int: 10    God:    Makhleb [**....]
Gold:   96         SH: 19    Dex: 12    Spells: 9/9 levels left

rFire    . . .     SeeInvis .   a - +0 war axe
rCold    + . .     Gourm    .   H - +5 kite shield of Happiness {+Fly}
rNeg     . . .     Faith    .   M - +0 chain mail
rPois    .         Spirit   .   h - +2 helmet
rElec    .         Reflect  +   (no cloak)
rCorr    .         Harm     .   K - +1 pair of gloves of Mental Paralysis {rC+}
MR       +....                  (no boots)
Stlth    ..........             o - +2 amulet of reflection (curse)
HPRegen  0.00/turn              g - +5 ring of strength
MPRegen  0.07/turn              (no ring)

@: mighty, non-regenerating
A: damage resistance, heal wounds, sense surroundings 2, no regeneration
a: Heal Wounds, Minor Destruction, Renounce Religion, Evoke Flight


You were on level 1 of the Lair of Beasts.
You worshipped Makhleb.
Makhleb was pleased with you.
You were very hungry.

You visited 3 branches of the dungeon, and saw 11 of its levels.
You also visited: Ossuary.

You collected 378 gold pieces.
You spent 282 gold pieces at shops.

Inventory:

Hand Weapons
 a - a +0 war axe (weapon)
Armour
 h - a +2 helmet (worn)
   (You found it on level 2 of the Dungeon)
 H - the +5 kite shield of Happiness (worn) {+Fly}
   (You found it on level 7 of the Dungeon)

   It lets you fly.
 K - the +1 pair of gloves of Mental Paralysis (worn) {rC+}
   (You bought it in a shop on level 5 of the Dungeon)

   It protects you from cold.
   If you remove this armour, your AC will decrease by 2 (16 -> 14).
 M - a +0 chain mail (worn)
   (You took it off an orc warrior on level 7 of the Dungeon)
Jewellery
 b - an uncursed ring of magical power {unknown}
   (You found it on level 9 of the Dungeon)
 g - a +5 ring of strength (left hand)
   (You found it on level 2 of the Dungeon)
 i - an uncursed amulet of guardian spirit
   (You found it on level 1 of the Lair of Beasts)
 o - a cursed +2 amulet of reflection (around neck)
   (You found it on level 4 of the Dungeon)
Wands
 v - a wand of iceblast (6)
   (You found it on level 4 of the Dungeon)
 D - a wand of acid (7)
   (You found it on level 6 of the Dungeon)
Scrolls
 c - a scroll of random uselessness {unknown}
 k - a scroll of magic mapping
 p - 2 scrolls of immolation
 r - a scroll of identify
 t - 5 scrolls of teleportation
 y - 2 scrolls of silence
 z - 2 scrolls of blinking
 A - 5 scrolls of remove curse
 F - 2 scrolls of holy word
 J - 2 scrolls of enchant armour
Potions
 d - a potion of might
 f - 4 potions of degeneration
 n - 3 potions of resistance
 q - 5 potions of curing
 s - a potion of flight {unknown}
 u - 5 potions of ambrosia {unknown}
 w - 3 potions of heal wounds
 x - a potion of brilliance {unknown}
 B - 2 potions of berserk rage {unknown}
 C - a potion of magic {unknown}
 E - 2 potions of lignification {unknown}
 G - 3 potions of haste {unknown}
 N - a potion of mutation {unknown}
Comestibles
 e - 20 rations


   Skills:
 + Level 7.0 Fighting
 * Level 11.1 Axes
 + Level 8.5 Armour
 + Level 8.5 Shields
 + Level 5.7 Invocations


You had 9 spell levels left.
You didn't know any spells.
Your spell library was empty.

Dungeon Overview and Level Annotations

Branches:
Dungeon (9/15)             Temple (1/1) D:6            Lair (1/6) D:8
Ossuary (visited)
    Orc: D:9-12

Altars:
Ashenzari
Cheibriados
Dithmenos
Elyvilon
Fedhas
Gozag
Hepliaklqana
Kikubaaqudgha
Makhleb
Nemelex Xobeh
Okawaru
Qazlal
Ru
Trog
Uskayaw
Vehumet
Wu Jian
Xom
Yredelemnul
Zin
The Shining One

Shops:
D:5 [

Annotations:
D:1 1 runed translucent door
Lair:1 Flugslaktarn's ghost, novice DDFi; Losufraq's ghost, journeyman FeEn; Ycsot's ghost, journeyman KoHu


Innate Abilities, Weirdness & Mutations

You are resistant to damage.
You can heal yourself by infusing magical energy.
You passively map the area around you.
You do not regenerate.


Message History

You easily resist.
You closely miss Ycsot's ghost.
Ycsot's ghost is moderately damaged.
You closely miss Losufraq's ghost. Ycsot's ghost hits you.
Losufraq's ghost barely misses you.
Your shield and chain mail prevent you from hitting Ycsot's ghost.
Ycsot's ghost is moderately damaged.
Your shield and chain mail prevent you from hitting Losufraq's ghost.
Ycsot's ghost tries to sneak away.
You block Ycsot's ghost's attack. Losufraq's ghost casts a spell at you.
You are unaffected.
Your shield and chain mail prevent you from hitting Ycsot's ghost.
Ycsot's ghost is moderately damaged.
You miss Losufraq's ghost.
Ycsot's ghost hits you but does no damage.
You completely miss Ycsot's ghost.
Ycsot's ghost is moderately damaged.
You barely miss Losufraq's ghost. Losufraq's ghost hits you!!
You die...

.................................
.................................
....#..##............#####P##..##
....######..........## ####..##
....###P##..........########...##
..........(......................
.................................
............#.###W...P##.###..##.
.).........P####@WW....#####..#.#
..............####'''####........
..............#♣......?♣#........
##########..###⌠.......⌠#..###.##
##########...##♣.......♣#..##.###
..............#|.......?#........
..............##8.....8##........
..####.####....##$?8!?##.######.#
..######.#......#######...###P.##


You could see Flugslaktarn's ghost, Losufraq's ghost and Ycsot's ghost.

Vanquished Creatures
  Pikel (D:6)
  Joseph (D:7)
  2 spiny frogs (Lair:1)
  A komodo dragon (Lair:1)
  A hornet (D:7)
  2 hippogriffs
  Sigmund (D:5)
  A basilisk (Lair:1)
  Menkaure (D:7)
  An orc warrior (D:7)
  A water moccasin (Lair:1)
  A porcupine (Lair:1)
  2 ice beasts
  3 sky beasts
  4 slaves (D:6)
  5 centaurs
  An ogre (D:4)
  2 big kobolds (D:8)
  A crocodile (Lair:1)
  5 bullfrogs
  2 elf zombies (D:6)
  A gnoll sergeant (D:7)
  3 elf skeletons (D:6)
  2 scorpions
  6 killer bees (D:8)
  6 crimson imps
  4 centaur zombies
  2 jellies
  7 hounds
  10 orc wizards
  4 orc priests
  A centaur skeleton (D:6)
  Jessica (D:3)
  2 human skeletons (D:6)
  3 iguanas
  Ijyb (D:3)
  6 worker ants
  3 big kobold zombies (Ossuary)
  A hound skeleton (D:7)
  6 mummies (Ossuary)
  Robin (D:2)
  6 gnolls
  7 adders
  A shadow imp (D:7)
  An adder zombie (D:5)
  2 adder skeletons
  4 worms
  A dart slug (D:2)
  5 leopard geckos
  33 orcs
  4 bats
  4 giant cockroaches
  14 goblins
  7 hobgoblins
  4 jackals (D:3)
  8 quokkas
  A ball python (D:2)
  A ball python skeleton (D:4)
  3 frilled lizards
  4 hobgoblin zombies (Ossuary)
  6 kobolds
  2 orc skeletons (D:6)
  2 orc zombies (D:6)
  A quokka zombie (D:6)
  3 rats
233 creatures vanquished.

Notes
Turn   | Place    | Note
-------+----------+-------------------------------------------
     0 | D:1      | Flugslaktarn the Deep Dwarf Fighter began the quest for the
                  | Orb.
     0 | D:1      | Reached XP level 1. HP: 20/20 MP: 1/1
     1 | D:1      | Found a runed translucent door.
     3 | D:1      | Noticed a jelly
   146 | D:2      | Reached XP level 2. HP: 20/27 MP: 2/2
   408 | D:2      | Noticed Robin
   411 | D:2      | Reached skill level 3 in Axes
   411 | D:2      | Reached XP level 3. HP: 30/33 MP: 3/3
   420 | D:2      | Killed Robin
   794 | D:3      | Noticed Jessica
   799 | D:3      | Killed Jessica
   799 | D:3      | Reached XP level 4. HP: 21/42 MP: 4/4
   899 | D:3      | Noticed Ijyb
   949 | D:3      | HP: 1/42 [disintegration (17)]
   953 | D:3      | Killed Ijyb
   953 | D:3      | Reached skill level 4 in Axes
   953 | D:3      | Reached XP level 5. HP: 49/49 MP: 2/2
  1012 | D:4      | Noticed an ogre
  1019 | D:4      | Killed an ogre
  1155 | D:4      | Reached XP level 6. HP: 49/56 MP: 3/3
  1248 | D:4      | Reached skill level 5 in Axes
  1886 | D:5      | Entered Level 5 of the Dungeon
  2004 | D:5      | Noticed Sigmund
  2015 | D:5      | Killed Sigmund
  2015 | D:5      | Reached skill level 5 in Armour
  2015 | D:5      | Reached skill level 5 in Shields
  2015 | D:5      | Reached XP level 7. HP: 40/64 MP: 3/3
  2069 | D:5      | Reached skill level 6 in Axes
  2092 | D:5      | Found Ometame's Armour Shop.
  2699 | D:6      | Noticed Pikel
  2754 | D:6      | Killed Pikel
  2754 | D:6      | Reached skill level 7 in Axes
  2754 | D:6      | Reached XP level 8. HP: 49/73 MP: 2/2
  2846 | D:6      | Reached skill level 5 in Fighting
  2977 | D:6      | Reached skill level 8 in Axes
  2981 | D:6      | Found a sand-covered staircase.
  3009 | Ossuary  | Entered an ossuary
  3058 | Ossuary  | Gained mutation: You passively map the area around you.
                  | [Deep Dwarf growth]
  3058 | Ossuary  | Reached XP level 9. HP: 37/81 MP: 2/2
  3380 | D:6      | Found a staircase to the Ecumenical Temple.
  3531 | Temple   | Entered the Ecumenical Temple
  3609 | Temple   | Became a worshipper of Makhleb the Destroyer
  3764 | D:6      | Reached skill level 9 in Axes
  3843 | D:7      | Reached skill level 1 in Invocations
  4073 | D:7      | Paralysed by a hornet for 2 turns
  4264 | D:7      | Got a faintly glowing kite shield
  4275 | D:7      | Identified the +5 kite shield of Happiness {+Fly} (You
                  | found it on level 7 of the Dungeon)
  4463 | D:7      | Reached * piety under Makhleb
  4556 | D:7      | Noticed Joseph
  4570 | D:7      | Killed Joseph
  4570 | D:7      | Reached skill level 10 in Axes
  4570 | D:7      | Reached XP level 10. HP: 51/92 MP: 2/2
  4783 | D:7      | Noticed Menkaure
  4788 | D:7      | Killed Menkaure
  4885 | D:7      | Found a hide-covered altar of Uskayaw.
  5285 | D:8      | Reached ** piety under Makhleb
  5558 | D:8      | Found a staircase to the Lair.
  5835 | D:5      | Bought the +1 pair of gloves of Mental Paralysis {rC+} for
                  | 282 gold pieces
  6220 | Lair:1   | Entered Level 1 of the Lair of Beasts
  6274 | Lair:1   | Noticed a spiny frog
  6286 | Lair:1   | Killed a spiny frog
  6286 | Lair:1   | Reached skill level 5 in Invocations
  6458 | Lair:1   | Noticed a spiny frog
  6466 | Lair:1   | Killed a spiny frog
  6466 | Lair:1   | Reached skill level 11 in Axes
  6770 | Lair:1   | Found a runed translucent gate.
  6770 | Lair:1   | Found a runed translucent gate.
  6771 | Lair:1   | Found a runed translucent gate.
  6771 | Lair:1   | Noticed Flugslaktarn's ghost (novice DDFi)
  6773 | Lair:1   | Noticed Ycsot's ghost (journeyman KoHu)
  6773 | Lair:1   | Noticed Losufraq's ghost (journeyman FeEn)
  7169 | Lair:1   | Demolished by Losufraq's ghost

Levels and vault maps discovered:
D:1:      dpeg_arrival_caged_fury, layout_basic
D:2:      minmay_angry_zag, layout_basic, first_ration, uniq_robin
D:3:      layout_loops_cross, chequers_ecumenical_altar_simple_redux, uniq_ijyb,
          uniq_jessica
D:4:      kennysheep_spiral_hall, layout_loops_ring, grunt_ministairs_7,
          kennysheep_nondescript
D:5:      layout_cave_pods, serial_shops, nicolae_shop_statue_plus, uniq_sigmund
D:6:      minmay_diamond_boxcup, layout_basic, minmay_temple_entry_overgrown,
          nicolae_ossuary_entry_catacombs, chequers_jeans, uniq_pikel
D:7:      layout_gridville, marbit_many_paths, hangedman_minor_gate_pass,
          uniq_menkaure, uniq_joseph
D:8:      layout_loops_ring, lair_entry_dummy, blue_anna_alchemist
          [blue_anna_fruit_fields, blue_anna_fruit_fields]
D:9:      layout_rooms
Temple:   compressed_dpeg_triangle_lava_temple
Lair:1:   layout_long_grid, gammafunk_ghost_cemetery

Skill      XL: |  1  2  3  4  5  6  7  8  9 10 |
---------------+-------------------------------+-----
Axes           | 3 4 5 7 8 10 11 | 11.1
Fighting       | 3 4 5 6 7 |  7.0
Armour         | 4 5 6 7 8 |  8.5
Shields        | 4 5 6 7 8 |  8.5
Invocations    | 3 5 |  5.7

Action                   |  1- 3 |  4- 6 |  7- 9 | 10-12 || total
-------------------------+-------+-------+-------+-------++-------
Melee: War axe           |    89 |   148 |   504 |   352 ||  1093
 Abil: Heal Wounds       |     1 |     8 |    16 |     8 ||    33
  Use: Scroll            |       |       |       |    15 ||    15
       Potion            |       |       |       |     2 ||     2
  Eat: Chunk             |       |     4 |    10 |     4 ||    18
       Ration            |       |       |       |     1 ||     1
Armor: Scale mail        |    37 |    82 |   260 |     3 ||   382
       Chain mail        |       |       |       |   133 ||   133
Dodge: Dodged            |    22 |    56 |   177 |    52 ||   307
Block: Kite shield       |    50 |    91 |   326 |   317 ||   784

Table legend:
 A = Non-vault XP
 B = Vault XP
 C = Vault XP percentage of total XP
 D = Non-vault monster count
 E = Vault monster count
 F = Vault count percentage of total count
                 A         B        C        D         E       F
            +---------+---------+-------+---------+---------+-------
      Total |    6222 |    3480 |  35.9 |     157 |      72 |  31.4
            +---------+---------+-------+---------+---------+-------
        D:1 |       3 |       0 |   0.0 |       1 |       0 |   0.0
        D:2 |      25 |      43 |  63.2 |      12 |      16 |  57.1
        D:3 |      65 |      73 |  52.9 |      16 |       2 |  11.1
        D:4 |     171 |     192 |  52.9 |      16 |       5 |  23.8
        D:5 |     358 |     220 |  38.1 |      21 |       1 |   4.5
        D:6 |     758 |    1444 |  65.6 |      21 |      20 |  48.8
        D:7 |    1179 |    1126 |  48.9 |      23 |      12 |  34.3
        D:8 |    1595 |      97 |   5.7 |      35 |       1 |   2.8
        D:9 |     357 |       0 |   0.0 |       5 |       0 |   0.0
     Lair:1 |    1711 |       0 |   0.0 |       7 |       0 |   0.0
    Ossuary |       0 |     285 | 100.0 |       0 |      15 | 100.0
            +---------+---------+-------+---------+---------+-------
